 Dungeon Crawl Stone Soup version 0.21-a0-440-g28109cb (webtiles) character file.

1771 HAL9000 the Slicer (level 9, 0/43 HPs)
             Began as a Vine Stalker Assassin on Nov 10, 2017.
             Was an Initiate of Dithmenos.
             Slain by a killer bee (1 damage)
             ... on level 6 of the Dungeon.
             The game lasted 00:17:15 (5504 turns).

HAL9000 the Slicer (Vine Stalker Assassin)          Turns: 5504, Time: 00:17:16

Health: 0/43       AC:  4    Str: 17    XL:     9   Next: 7%
Magic:  0/10       EV: 15    Int: 12    God:    Dithmenos [......]
Gold:   226        SH:  0    Dex: 15    Spells: 8/8 levels left

rFire    . . .     SeeInvis .   q - +0 dagger (freeze)
rCold    . . .     Gourm    .   (no shield)
rNeg     . . .     Faith    .   c - +0 robe
rPois    +         Spirit   +   (no helmet)
rElec    .         Reflect  .   d - +0 cloak
rCorr    .         Harm     .   (no gloves)
MR       +....                  w - +0 pair of boots
Stlth    +++.......             (no amulet)
HPRegen  0.54/turn              t - +4 ring of evasion
MPRegen  0.12/turn              I - +3 ring of slaying

@: lethally poisoned (0 -> -3), about to teleport
A: fangs 3, mutation resistance 1, poison resistance, regeneration 1, magic
shield, antimagic bite, no potion heal 3, rot immunity
a: Renounce Religion


You were on level 6 of the Dungeon.
You worshipped Dithmenos.
Dithmenos was noncommittal.
You were not hungry.

You visited 2 branches of the dungeon, and saw 7 of its levels.

You collected 226 gold pieces.

Inventory:

Hand Weapons
 a - a +2 dagger
 b - a +0 blowgun
 q - a +0 dagger of freezing (weapon)
Missiles
 e - 31 poisoned needles
 f - 2 curare-tipped needles
 z - 6 tomahawks (quivered)
Armour
 c - a +0 robe (worn)
 d - a +0 cloak (worn)
 w - a +0 pair of boots (worn)
Jewellery
 t - a +4 ring of evasion (left hand)
 C - an uncursed ring of positive energy
 H - an uncursed ring of stealth
 I - a +3 ring of slaying (right hand)
Scrolls
 m - a scroll of magic mapping
 n - a scroll of amnesia {unknown}
 s - 2 scrolls of blinking
 v - a scroll of remove curse {unknown}
 x - 2 scrolls of fear
 D - 3 scrolls of enchant weapon {unknown}
Potions
 h - 3 potions of heal wounds
 F - a potion of brilliance
Comestibles
 g - 2 bread rations
 A - 4 meat rations
 B - 3 royal jellies
 J - 5 chunks of flesh


   Skills:
 + Level 2.9 Fighting
 - Level 10.0 Short Blades
 - Level 1.7 Throwing
 - Level 0.7 Dodging
 + Level 6.0 Stealth


You had 8 spell levels left.
You didn't know any spells.

Dungeon Overview and Level Annotations

Branches:
Dungeon (6/15)             Temple (1/1) D:5

Altars:
Ashenzari
Cheibriados
Dithmenos
Elyvilon
Fedhas
Gozag
Hepliaklqana
Makhleb
Nemelex Xobeh
Okawaru
Qazlal
Ru
Trog
Uskayaw
Wu Jian
Xom
Yredelemnul
Zin
The Shining One

Shops:
D:5 =


Innate Abilities, Weirdness & Mutations

You have razor-sharp teeth.
Your natural rate of healing is unusually fast.
When hurt, damage is shared between your health and your magic reserves.
Your bite disrupts and absorbs the magic of your enemies.
Potions cannot restore your health.
You are immune to rotting.
You are somewhat resistant to further mutation.
Your system is resistant to poisons. (rPois)


Message History

* * * LOW HITPOINT WARNING * * *
You hit the killer bee. You freeze the killer bee. You bite the killer bee.
You drain its power.
You feel invigorated.
The killer bee is almost dead.
The killer bee completely misses you.
As you read the scroll of teleportation, it crumbles to dust.
You feel strangely unstable.
You feel sick. The killer bee stings you.
* * * LOW HITPOINT WARNING * * *
The killer bee stings you!
* * * LOW HITPOINT WARNING * * *
You are lethally poisoned!
The killer bee poisons you!
Okay, then.
* * * LOW HITPOINT WARNING * * *
You feel sick. The killer bee closely misses you.
* * * LOW HITPOINT WARNING * * *
You feel sick. The killer bee misses you.
* * * LOW HITPOINT WARNING * * *
You feel sick. The killer bee stings you.
You die...

........(.# #.._.......#
#..........# #..........#
#..........# #..........#
#..........#
#..........#######
#..>.......h.yy@.#
#?.........#####.#
#..........#####.######.
###......................
#.############..#####.#######.
#. ##.# #.##...... # #.##
#.##.####. # #..# #.#.......
...####.####.#..#####


You could see a hound and 2 killer bees.

Vanquished Creatures
  Pikel (D:5)
  Grinder (D:5)
  The ghost of Ijustatesigmund the Skirmisher, an amateur OpAr of Okawaru (D:4)
  4 slaves (D:5)
  An ice beast (D:5)
  A sky beast (D:2)
  A phantom (D:4)
  An ogre (D:6)
  A killer bee (D:6)
  An orc priest (D:5)
  A hound (D:4)
  2 orc wizards (D:5)
  A bullfrog skeleton (D:4)
  An iguana (D:5)
  6 worker ants
  8 gnolls
  2 adders
  A shadow imp (D:5)
  An ooze (D:2)
  2 adder zombies
  4 worms
  2 leopard geckos
  11 orcs
  A ball python (D:5)
  6 bats
  7 giant cockroaches
  7 goblins
  3 hobgoblins
  6 jackals
  3 quokkas
  6 frilled lizards
  9 kobolds
  7 rats
110 creatures vanquished.

Vanquished Creatures (others)
  An orc wizard (D:5)
1 creature vanquished.

Grand Total: 111 creatures vanquished

Notes
Turn   | Place    | Note
-------+----------+-------------------------------------------
     0 | D:1      | HAL9000 the Vine Stalker Assassin began the quest for the Orb.
     0 | D:1      | Reached XP level 1. HP: 11/11 MP: 2/2
    92 | D:1      | Reached skill level 2 in Short Blades
    92 | D:1      | Reached XP level 2. HP: 15/15 MP: 3/3
   319 | D:1      | Reached skill level 3 in Short Blades
   409 | D:1      | Reached XP level 3. HP: 18/18 MP: 4/4
   948 | D:2      | Noticed a sky beast
   952 | D:2      | Killed a sky beast
   952 | D:2      | Reached skill level 4 in Short Blades
   952 | D:2      | Gained mutation: Your natural rate of healing is unusually fast. [Vine Stalker growth]
   952 | D:2      | Reached XP level 4. HP: 23/23 MP: 5/5
   952 | D:2      | Reached XP level 5. HP: 26/26 MP: 6/6
  1182 | D:2      | Found a basalt altar of Yredelemnul.
  1183 | D:2      | Found a bloodstained altar of Trog.
  1184 | D:2      | Found a shattered altar of Ashenzari.
  1184 | D:2      | Found a sacrificial altar of Ru.
  2047 | D:3      | Reached skill level 5 in Short Blades
  2595 | D:3      | Found a faded altar of an unknown god.
  2685 | D:3      | Found a glowing golden altar of the Shining One.
  2685 | D:3      | Found a white marble altar of Elyvilon.
  2686 | D:3      | Found a glowing silver altar of Zin.
  3110 | D:4      | Noticed Ijustatesigmund's ghost (amateur OpAr)
  3130 | D:4      | Killed Ijustatesigmund's ghost
  3130 | D:4      | Reached skill level 6 in Short Blades
  3130 | D:4      | Reached XP level 6. HP: 23/30 MP: 7/7
  3472 | D:4      | Noticed a phantom
  3509 | D:3      | Reached XP level 7. HP: 12/34 MP: 6/8
  3605 | D:4      | Reached skill level 7 in Short Blades
  3911 | D:5      | Entered Level 5 of the Dungeon
  4135 | D:5      | Found Vuhuniro's Jewellery Shop.
  4292 | D:5      | Reached skill level 8 in Short Blades
  4296 | D:5      | Gained mutation: You have razor-sharp teeth. [Vine Stalker growth]
  4296 | D:5      | Reached XP level 8. HP: 38/38 MP: 9/9
  4337 | D:5      | Noticed Grinder
  4339 | D:5      | Gained mutation: Your system is resistant to poisons. (rPois) [potion of mutation]
  4339 | D:5      | Gained mutation: You are somewhat resistant to further mutation. [potion of mutation]
  4365 | D:5      | Killed Grinder
  4473 | D:5      | Noticed Pikel
  4718 | D:5      | Killed Pikel
  4718 | D:5      | Reached skill level 9 in Short Blades
  4781 | D:5      | Reached skill level 10 in Short Blades
  4813 | D:5      | Reached skill level 5 in Stealth
  4859 | D:5      | Found a staircase to the Ecumenical Temple.
  4871 | Temple   | Entered the Ecumenical Temple
  4948 | Temple   | Became a worshipper of Dithmenos the Shadowed
  5129 | D:5      | Found an ornate altar of the Wu Jian Council.
  5207 | D:5      | Found a burning altar of Makhleb.
  5401 | D:6      | Reached XP level 9. HP: 32/43 MP: 10/10
  5482 | D:6      | Found a glowing golden altar of the Shining One.
  5502 | D:6      | HP: 2/43 [poisoned by a killer bee]
  5504 | D:6      | Slain by a killer bee

Vault maps used:
D:1:      lemuel_arrival_tunnels
D:2:      chequers_temple_overflow_statue_of_worship
D:3:      good_gods_temple_1, chequers_ecumenical_altar_simple_redux
D:4:      first_bread
D:5:      lemuel_coloured_pillars_altar, overflow_temple_1_default,
          minmay_temple_entry_hall, serial_shops, shop, enter_ossuary_5,
          cheibrodos_sewer_entry_bend, uniq_grinder, uniq_pikel
D:6:      basic_altar
Temple:   eino_temple_lava

Skill      XL: |  1  2  3  4  5  6  7  8  9 |
---------------+----------------------------+-----
Short Blades   | 2 3 4 6 8 10 | 10.0
Stealth        | 5 6 |  6.0
Fighting       | 2 |  2.9
Throwing       | |  1.7
Dodging        | |  0.7

Action                   |  1- 3 |  4- 6 |  7- 9 || total
-------------------------+-------+-------+-------++-------
Melee: Dagger            |    62 |   142 |   280 ||   484
       Bite              |    12 |    43 |    96 ||   151
 Fire: Blowgun           |       |       |     4 ||     4
Throw: Tomahawk          |       |       |     2 ||     2
  Use: Scroll            |       |     2 |     8 ||    10
       Potion            |       |     2 |     4 ||     6
 Stab: Sleeping          |     7 |     9 |     4 ||    20
       Distracted        |       |       |     1 ||     1
  Eat: Chunk             |       |     4 |     6 ||    10
       Bread ration      |       |     1 |       ||     1
Armor: Robe              |    22 |    25 |    17 ||    64
Dodge: Dodged            |    44 |    96 |   108 ||   248

Table legend:
 A = Spawn XP
 B = Non-spawn XP
 C = Spawn XP percentage of total XP
 D = Spawn monster count
 E = Non-spawn monster count
 F = Spawn count percentage of total count
 G = Total turns spent on level
                    A         B        C        D         E        F      G
               +---------+---------+-------+---------+---------+-------+---------
         Total |       0 |    2531 |   0.0 |       0 |     107 |   0.0 |  5504
               +---------+---------+-------+---------+---------+-------+---------
           D:1 |       0 |      50 |   0.0 |       0 |      24 |   0.0 |   948
           D:2 |       0 |     166 |   0.0 |       0 |      12 |   0.0 |   919
           D:3 |       0 |     122 |   0.0 |       0 |      25 |   0.0 |  1325
           D:4 |       0 |     578 |   0.0 |       0 |      14 |   0.0 |   719
           D:5 |       0 |    1401 |   0.0 |       0 |      28 |   0.0 |  1386
           D:6 |       0 |     214 |   0.0 |       0 |       4 |   0.0 |   120
               +---------+---------+-------+---------+---------+-------+---------
